 Dungeon Crawl Stone Soup version 0.22-b1-21-g5cfc1688f2 (webtiles) character file.

236 Pisosu the Chopper (level 5, -2/46 HPs)
             Began as a Minotaur Fighter on Aug 5, 2018.
             Slain by an ogre
             ... wielding a +0 giant club
              (28 damage)
             ... on level 4 of the Dungeon.
             The game lasted 00:07:36 (2898 turns).

Pisosu the Chopper (Minotaur Fighter)               Turns: 2898, Time: 00:07:37

Health: -2/46      AC:  8    Str: 21    XL:     5   Next: 77%
Magic:  4/4        EV:  9    Int:  5    God:
Gold:   225        SH:  9    Dex: 10    Spells: 4/4 levels left

rFire    . . .     SeeInvis .   a - +0 war axe
rCold    . . .     Gourm    .   c - +0 shield
rNeg     . . .     Faith    .   o - +0 ring mail (curse)
rPois    +         Spirit   .   (helmet restricted)
rElec    .         Reflect  .   (no cloak)
rCorr    .         Harm     .   r - +0 pair of gloves
MR       .....                  x - +0 pair of boots
Stlth    ..........             (no amulet)
HPRegen  0.15/turn              g - ring of poison resistance
MPRegen  0.09/turn              u - ring of poison resistance

@: no status effects
A: retaliatory headbutt, horns 2
a: no special abilities


You were on level 4 of the Dungeon.
You were not hungry.

You visited 1 branch of the dungeon, and saw 4 of its levels.

You collected 225 gold pieces.

Inventory:

Hand Weapons
 a - a +0 war axe (weapon)
Armour
 b - a +0 scale mail
 c - a +0 shield (worn)
 o - a cursed +0 ring mail (worn)
 r - a +0 pair of gloves (worn)
 x - a +0 pair of boots (worn)
Jewellery
 g - a ring of poison resistance (left hand)
 u - a ring of poison resistance (right hand)
Scrolls
 h - 4 scrolls of remove curse {unknown}
 i - 7 scrolls of identify {unknown}
 k - 2 scrolls of teleportation {unknown}
 l - a scroll of magic mapping {unknown}
 m - a scroll of immolation {unknown}
 n - a scroll of fog {unknown}
 p - a scroll of noise {unknown}
 q - a scroll of enchant weapon {unknown}
 t - a scroll of random uselessness {unknown}
Potions
 d - a potion of might
 e - a potion of curing {unknown}
 j - a potion of ambrosia {unknown}
 s - 2 potions of brilliance {unknown}
 v - a potion of heal wounds {unknown}
 w - a potion of agility {unknown}
 z - a potion of berserk rage {unknown}
 A - 2 potions of flight {unknown}
Comestibles
 f - 8 rations


   Skills:
 + Level 4.3 Fighting
 + Level 5.1 Axes
 + Level 4.6 Armour
 + Level 1.1 Dodging
 + Level 0.1 Stealth
 + Level 4.8 Shields


You had 4 spell levels left.
You didn't know any spells.
Your spell library was empty.

Dungeon Overview and Level Annotations

Branches:
Dungeon (4/15)
 Temple: D:4-7

Altars:
Ashenzari
Cheibriados
Dithmenos
Qazlal
Yredelemnul


Innate Abilities, Weirdness & Mutations

You reflexively headbutt those who attack you in melee.
You have a pair of horns on your head.


Message History

The scorpion is severely wounded.
The scorpion stings you but does no damage.
The scorpion stings you.
You slash the scorpion!
You kill the scorpion!
Your Axes skill increases to level 5!
No target in view!
You see here a scorpion corpse.
The scorpion corpse isn't edible.
An ogre and a dart slug come into view.
The ogre shouts!
A bullfrog skeleton comes into view.
Found 14 gold pieces, a scroll labeled LOTUMUULIO and a ring mail.
An orc comes into view. It is wielding a flail.
The ogre hits you with a giant club!
You slash the ogre! You headbutt the ogre.
The ogre is heavily wounded.
The ogre hits you with a giant club!!
Ouch! That really hurt!
You die...

(....# ##.##
..#### #..#
#........ ###
##.###........
#..##..[.....
##.##........
#†.#........
##.#........
#.#O..?....
#.#@$Zwo...
#.#........
#..####+##.
##.# #.. ##.#
.. #.# .#


You could see an ogre, a dart slug, an orc and a bullfrog skeleton.

Vanquished Creatures
  A scorpion (D:4)
  A crimson imp (D:2)
  4 gnolls (D:3)
  3 adders (D:2)
  2 oozes
  A worm (D:4)
  2 dart slugs
  A giant cockroach (D:3)
  8 goblins
  8 hobgoblins
  12 jackals
  6 kobolds
  A quokka (D:2)
  2 ball pythons (D:3)
  9 bats
  5 frilled lizards
  5 rats
71 creatures vanquished.

Notes
Turn   | Place    | Note
-------+----------+-------------------------------------------
     0 | D:1      | Pisosu the Minotaur Fighter began the quest for the Orb.
     0 | D:1      | Reached XP level 1. HP: 19/19 MP: 0/0
   533 | D:1      | Reached XP level 2. HP: 27/27 MP: 1/1
  1098 | D:2      | Reached skill level 3 in Axes
  1098 | D:2      | Reached XP level 3. HP: 33/33 MP: 2/2
  1137 | D:2      | Found a shattered altar of Ashenzari.
  1283 | D:2      | Reached XP level 4. HP: 37/40 MP: 3/3
  1388 | D:2      | Found a snail-covered altar of Cheibriados.
  1613 | D:3      | Found a shadowy altar of Dithmenos.
  1722 | D:3      | Reached skill level 4 in Axes
  1727 | D:3      | Found a stormy altar of Qazlal.
  1765 | D:3      | Reached XP level 5. HP: 45/46 MP: 4/4
  1971 | D:3      | Reached skill level 1 in Dodging
  2088 | D:3      | Found a basalt altar of Yredelemnul.
  2889 | D:4      | Reached skill level 5 in Axes
  2895 | D:4      | Noticed an ogre
  2898 | D:4      | Slain by an ogre

Skill      XL: |  1  2  3  4  5 |
---------------+----------------+-----
Shields        | 4 |  4.8
Axes           | 3 4 5 |  5.1
Fighting       | 4 |  4.3
Armour         | 4 |  4.6
Dodging        | 1 |  1.1
Stealth        | |  0.1

Action                   |  1- 3 |  4- 6 || total
-------------------------+-------+-------++-------
Melee: War axe           |    67 |    80 ||   147
       Headbutt          |     7 |    17 ||    24
  Eat: Chunk             |     1 |     4 ||     5
       Ration            |       |     1 ||     1
Armor: Scale mail        |    26 |       ||    26
       Ring mail         |    10 |    47 ||    57
Dodge: Dodged            |    24 |    23 ||    47
Block: Shield            |    48 |    48 ||    96
